 Dungeon Crawl Stone Soup version 0.19-a0-1856-g32653aa (webtiles) character file.

94 PurpleRed the Magician (level 4, -3/24 HPs)
             Began as a Kobold Wizard on Oct 11, 2016.
             Slain by a phantom (10 damage)
             ... on level 4 of the Dungeon.
             The game lasted 00:10:18 (1132 turns).

PurpleRed the Magician (Kobold Wizard)              Turns: 1132, Time: 00:10:18

Health: -3/24      AC:  6    Str:  4    XL:     4   Next: 94%
Magic:  1/10       EV: 15    Int: 20    God:
Gold:   97         SH:  0    Dex: 13    Spells: 2 memorised, 8 levels left

rFire  . . .     SeeInvis .     i - +3 dagger (drain)
rCold  . . .     Gourm    .     a - +0 robe
rNeg   . . .     Faith    .     (shield restricted)
rPois  .         Spirit   .     j - +1 helmet
rElec  .         Dismiss  .     (no cloak)
rCorr  .         Reflect  .     (no gloves)
MR     .....     Harm     .     p - +1 pair of boots
Stlth  ++........               (no amulet)
                                (no ring)
                                (no ring)

@: very slightly contaminated
A: carnivore 3
a: no special abilities


You were on level 4 of the Dungeon.
You were very full.

You visited 1 branch of the dungeon, and saw 4 of its levels.

You collected 97 gold pieces.

Inventory:

Hand Weapons
 i - a +3 dagger of draining (weapon)
Missiles
 l - 28 poisoned needles
Armour
 a - a +0 robe (worn)
 b - a +0 hat
 f - a +0 cloak
 j - a +1 helmet (worn)
 p - a +1 pair of boots (worn)
Potions
 m - a potion of mutation {unknown}
 o - a potion of brilliance {unknown}
 q - a potion of flight {unknown}
Books
 c - a book of Minor Magic

   Spells                             Type                      Level
   a - Magic Dart                     Conjuration                  1
   b - Blink                          Translocation                2
   c - Call Imp                       Summoning                    2
   d - Repel Missiles                 Charms/Air                   2
   e - Slow                           Hexes                        2
   f - Conjure Flame                  Conjuration/Fire             3
   g - Mephitic Cloud                 Conjuration/Poison/Air       3
 e - a book of Misfortune

   Spells                             Type                      Level
   a - Confusing Touch                Hexes                        1
   b - Confuse                        Hexes                        3
   c - Gell's Gravitas                Hexes/Translocation          3
   d - Petrify                        Transmutation/Earth          4
   e - Metabolic Englaciation         Hexes/Ice                    5
   f - Yara's Violent Unravelling     Hexes/Transmutation          5
Comestibles
 d - a meat ration
 n - a slice of pizza


   Skills:
 - Level 2.4 Dodging
 - Level 2.6 Stealth
 + Level 4.0 Spellcasting
 + Level 3.0 Conjurations
 + Level 2.0 Summonings
   Level 1.0 Translocations


You had 8 spell levels left.
You knew the following spells:

 Your Spells              Type           Power        Failure   Level  Hunger
a - Magic Dart            Conj           ###.         3%          1    None
b - Call Imp              Summ           ##......     10%         2    #......


Dungeon Overview and Level Annotations

Branches:
Dungeon (4/15)
 Temple: D:4-7

Altars:
Elyvilon
Okawaru
The Shining One

Annotations:
D:4 Ultraviolent4's ghost, amateur FoFi


Innate Abilities, Weirdness & Mutations

You are small and have problems with some larger weapons.
You are carnivorous and can eat meat at any time.


Message History

Casting: Call Imp
Confirm with . or Enter, or press ? or * to list all spells.
A beastly little devil appears in a puff of frigid air.
The phantom blinks!
You swap places.
The phantom closely misses you.
Your white imp misses the phantom.
Your white imp hits the phantom.
Your white imp freezes the phantom.
The phantom resists.
Your crimson imp blinks!
You hit the phantom but do no damage.
The phantom is heavily damaged.
The phantom barely misses you.
Your white imp gestures at the phantom.
The puff of frost hits the phantom.
The phantom completely resists.
You closely miss the phantom.
The phantom is heavily damaged.
Your white imp gestures at the phantom.
The puff of frost misses the phantom.
The puff of frost misses you. The phantom hits you!
You die...

###......#...## #.#
#.#####.....#####.#
#...[.5..ยง##.#
##.....##.# .#
##...###5# ##.##
#5# ### #.# #####
#W# ..... #@# #####
#.............#
#.####.#####..# #.
##.# #### ##. .#
###... .... ..
....##..### .#
........... .#


You could see a phantom, a friendly crimson imp and a friendly white imp.

Vanquished Creatures
  A centaur skeleton (D:4)
  3 adders
  A leopard gecko (D:1)
  3 giant cockroaches
  3 goblins
  4 hobgoblins
  2 jackals (D:3)
  A quokka (D:4)
  4 bats
  A frilled lizard (D:1)
  3 kobolds
  4 rats (D:2)
30 creatures vanquished.

Vanquished Creatures (collateral kills)
  Robin (D:2)
  A worm (D:2)
  An orc (D:3)
  8 goblins (D:2)
  2 hobgoblins (D:2)
  2 jackals (D:3)
  A kobold (D:3)
  2 bats (D:3)
18 creatures vanquished.

Grand Total: 48 creatures vanquished

Notes
Turn   | Place    | Note
-------+----------+-------------------------------------------
     0 | D:1      | PurpleRed the Kobold Wizard began the quest for the Orb.
     0 | D:1      | Reached XP level 1. HP: 10/10 MP: 4/4
   113 | D:1      | Reached XP level 2. HP: 9/15 MP: 3/6
   135 | D:1      | Learned a level 2 spell: Call Imp
   273 | D:2      | Noticed Robin
   309 | D:2      | Killed Robin
   309 | D:2      | Reached XP level 3. HP: 8/19 MP: 1/8
   368 | D:2      | Found a glowing golden altar of the Shining One.
   669 | D:3      | Reached XP level 4. HP: 17/24 MP: 3/9
   806 | D:4      | Found a white marble altar of Elyvilon.
   806 | D:4      | Noticed Ultraviolent4's ghost (amateur FoFi)
   827 | D:2      | Found an iron altar of Okawaru.
   925 | D:4      | Reached skill level 4 in Spellcasting
  1079 | D:4      | Noticed a phantom
  1132 | D:4      | Slain by a phantom

Vault maps used:
D:1:      lemuel_arrival_rhombus
D:2:      nicolae_overflow_hidden_temple, old_standard_altar, uniq_robin
D:3:      lemuel_coloured_pillars_altar
D:4:      elyvilon_altar_5, first_bread, uniq_natasha

Skill      XL: |  1  2  3  4 |
---------------+-------------+-----
Conjurations   | 2 3 |  3.0
Spellcasting   | 4 |  4.0
Summonings     | 2 |  2.0
Dodging        | |  2.4
Stealth        | |  2.6
Translocations | |  1.0

Action                   |  1- 3 |  4- 6 || total
-------------------------+-------+-------++-------
Melee: Dagger            |    37 |    29 ||    66
 Cast: Magic Dart        |    28 |     2 ||    30
       Call Imp          |     8 |    16 ||    24
  Use: Scroll            |       |     6 ||     6
 Stab: Sleeping          |     1 |     1 ||     2
       Distracted        |       |     1 ||     1
  Eat: Chunk             |     5 |     4 ||     9
Armor: Robe              |     5 |    11 ||    16
Dodge: Dodged            |    40 |    28 ||    68
